 Dungeon Crawl Stone Soup version 0.24-a0-784-g601f8f6d22 (webtiles) character file.

Game seed: 15124096789493523517, levelgen mode: deterministic

63 Arixos the Sneak (level 3, 0/20 HPs)
             Began as a Vampire Enchanter on Oct 8, 2019.
             Slain by an orc
             ... wielding a +0 flail of protection
              (12 damage)
             ... on level 4 of the Dungeon.
             The game lasted 00:04:04 (1363 turns).

Arixos the Sneak (Vampire Enchanter)                Turns: 1363, Time: 00:04:05

Health: 0/20       AC:  3    Str:  7    XL:     3   Next: 87%
Magic:  0/6        EV: 13    Int: 17    God:
Gold:   76         SH:  0    Dex: 15    Spells: 0/6 levels left

rFire    . . .     SeeInvis +   a - +1 dagger
rCold    + + .     Gourm    .   (no shield)
rNeg     + + +     Faith    .   b - +0 robe
rPois    ∞         Spirit   .   e - +0 helmet
rElec    .         Reflect  .   (no cloak)
rCorr    .         Harm     .   (no gloves)
MR       .....                  (no boots)
Stlth    +++++.....             (no amulet)
HPRegen  0.00/turn              (no ring)
MPRegen  0.10/turn              (no ring)

@: bloodless, regenerating quickly
A: no food, fangs 3, see invisible, unbreathing
a: Bat Form, Revivify


You were on level 4 of the Dungeon.
You were bloodless.

You visited 1 branch of the dungeon, and saw 3 of its levels.

You collected 76 gold pieces.

Inventory:

Hand Weapons
 a - a +1 dagger (weapon)
Armour
 b - a +0 robe (worn)
 e - a +0 helmet (worn)
Scrolls
 c - 2 scrolls of identify {unknown}
 d - a scroll of teleportation {unknown}
 g - a scroll of fear {unknown}
Potions
 f - 2 potions of brilliance {unknown}


   Skills:
 + Level 1.0 Fighting
 + Level 1.8 Short Blades
 + Level 2.7 Dodging
 + Level 4.9 Stealth
 + Level 2.3 Spellcasting
 + Level 4.9 Hexes
 + Level 0.7 Ice Magic


You couldn't memorise any spells.
You knew the following spells:

 Your Spells              Type           Power        Failure   Level  Hunger
a - Ensorcelled Hibernat  Hex/Ice        ##....       9%          2    N/A
b - Corona                Hex            ###....      2%          1    N/A
c - Confuse               Hex            ###.....     8%          3    N/A

Your spell library contained the following spells:

 Spells                   Type           Power        Failure   Level  Hunger
 Tukima's Dance           Hex            ###.....     8%          3    N/A
 Dazzling Spray           Conj/Hex       ##....       21%         3    N/A

Dungeon Overview and Level Annotations

Branches:
Dungeon (2/15)

Altars:
Cheibriados


Innate Abilities, Weirdness & Mutations

You do not eat.
You do not regenerate when monsters are visible.
You are frail without blood (-20% HP).
You are immune to poison.
You have razor-sharp teeth.
You have supernaturally acute eyesight. (SInv)
You can survive without breathing.


Message History

You closely miss the giant cockroach.
The giant cockroach is severely wounded.
The giant cockroach barely misses you.
You closely miss the giant cockroach.
The giant cockroach is severely wounded.
The giant cockroach barely misses you.
You hit the giant cockroach.
The giant cockroach is almost dead.
The giant cockroach bites you.
You hit the giant cockroach.
You kill the giant cockroach!
Casting: Confuse (safe; 8% risk of failure)
Confirm with . or Enter, or press ? or * to list all spells.
Aiming: Ensorcelled Hibernation (safe; 9% risk of failure)
Press: ? - help, Shift-Dir - straight line, f - orc
Aim: an orc, wielding a +0 flail of protection and wearing a +0 scale mail (chance to defeat MR: 60%)
The orc resists with significant effort.
The orc hits you with a +0 flail of protection!
Ouch! That really hurt!
You die...

#.. .... #.###..#
# # #..##.. .#.#
########...$#
##...
#...........##...
#............#.#
#..........#...#
#.......)..##..##
#.....†....o@...+
#..........###..#
#..........# ..#
#..........# ....
#..........# ##..
########..## #..
#.## # #.#


You could see an orc.

Vanquished Creatures
  An orc priest (D:4)
  An adder (D:2)
  2 dart slugs
  A leopard gecko (D:1)
  An orc (D:4)
  4 bats
  2 giant cockroaches
  4 goblins
  3 hobgoblins (D:1)
  2 frilled lizards (D:1)
  3 kobolds
  3 rats
27 creatures vanquished.

Notes
Turn   | Place    | Note
-------+----------+-------------------------------------------
     0 | D:1      | Arixos the Vampire Enchanter began the quest for the Orb.
     0 | D:1      | Reached XP level 1. HP: 13/13 MP: 3/3
   194 | D:1      | Reached XP level 2. HP: 15/15 MP: 5/5
   198 | D:1      | Learned a level 2 spell: Ensorcelled Hibernation
  1039 | D:2      | Found a faded altar of an unknown god.
  1235 | D:2      | Found a snail-covered altar of Cheibriados.
  1239 | D:2      | Reached XP level 3. HP: 20/20 MP: 1/6
  1292 | D:2      | Learned a level 3 spell: Confuse
  1334 | D:2      | You fall into a shaft and drop 2 floors!
  1345 | D:4      | Reached skill level 1 in Fighting
  1363 | D:4      | Slain by an orc

Levels and vault maps discovered:
D:1:      minmay_arrival_four_houses, layout_loops_ring
D:2:      layout_basic, nicolae_overflow_hidden_temple, tgw_xom,
          chequers_ecumenical_altar_simple_redux, minmay_divided_ellipse
D:4:      layout_rooms, nemelex_xobeh_ov_fountains_minmay,
          minmay_goblin_kobold_house

Skill      XL: |  1  2  3 |
---------------+----------+-----
Fighting       | 1 |  1.0
Short Blades   | |  1.8
Dodging        | |  2.7
Stealth        | |  4.9
Spellcasting   | |  2.3
Hexes          | |  4.9
Ice Magic      | |  0.7

Action                   || total
-------------------------++-------
Melee: Dagger            ||    60
       Bite              ||     2
 Cast: Corona            ||     4
       Ensorcelled Hiber ||    10
       Confuse           ||     2
 Abil: Exsanguinate      ||     1
 Stab: Sleeping          ||    16
       Confused          ||     1
Armor: Robe              ||     7
Dodge: Dodged            ||    35

Table legend:
 A = Non-vault XP
 B = Vault XP
 C = Vault XP percentage of total XP
 D = Non-vault monster count
 E = Vault monster count
 F = Vault count percentage of total count
                 A         B        C        D         E       F
            +---------+---------+-------+---------+---------+-------
      Total |      90 |       0 |   0.0 |      27 |       0 |   0.0
            +---------+---------+-------+---------+---------+-------
        D:1 |      28 |       0 |   0.0 |      16 |       0 |   0.0
        D:2 |      26 |       0 |   0.0 |       8 |       0 |   0.0
        D:4 |      36 |       0 |   0.0 |       3 |       0 |   0.0
            +---------+---------+-------+---------+---------+-------
